 Dungeon Crawl Stone Soup version 0.19-a0-20-g1ce5f50 (webtiles) character file.

18627 tyvek the Spear-Bearer (level 12, -9/95 HPs)
             Began as a Merfolk Skald on May 1, 2016.
             Was a High Priest of Okawaru.
             Mangled by a sixfirhy (11 damage)
             ... summoned by an orc high priest
             ... on level 2 of the Orcish Mines.
             The game lasted 00:51:17 (18575 turns).

tyvek the Spear-Bearer (Merfolk Skald)             Turns: 18575, Time: 00:51:18

Health: -9/95      AC:  5    Str: 10    XL:     12   Next: 60%
Magic:  17/19      EV: 19    Int: 14    God:    Okawaru [*****.]
Gold:   770        SH:  4    Dex: 16    Spells: 5 memorised, 8 levels left

rFire  . . .     SeeInvis .     a - +4 trident (venom)
rCold  . . .     Gourm    +     E - +0 troll leather armour {regen}
rNeg   + . .     Faith    .     C - +0 buckler
rPois  .         Spirit   .     A - +0 helmet
rElec  .         Dismiss  .     k - +0 cloak
rCorr  .         Reflect  .     (no gloves)
SustAt .         Harm     .     u - +2 pair of boots
MR     .....                    e - amulet of the gourmand {Gourm, !d}
Stlth  +.........               l - ring of positive energy {rN+}
                                (no ring)

@: singing, corroded, not resistant to hostile enchantments, very unstealthy
A: change form in water, swift swim, high mp 1, weak 1
a: Heroism, Finesse, Renounce Religion, Stop Singing


You were on level 2 of the Orcish Mines.
You worshipped Okawaru.
Okawaru was extremely pleased with you.
You were completely stuffed.

You visited 3 branches of the dungeon, and saw 13 of its levels.

You collected 864 gold pieces.
You spent 94 gold pieces at shops.

Inventory:

Hand Weapons
 a - a +4 trident of venom (weapon)
   (You bought it in a shop on level 1 of the Orcish Mines)
Armour
 k - a +0 cloak (worn)
   (You found it on level 1 of the Dungeon)
 u - a +2 pair of boots (worn)
   (You found it on level 4 of the Dungeon)
 A - a +0 helmet (worn)
   (You found it on level 4 of the Dungeon)
 C - a +0 buckler (worn)
   (You found it on level 8 of the Dungeon)
 E - a +0 troll leather armour (worn) {regen}
   (You found it on level 1 of the Orcish Mines)
Jewellery
 e - an amulet of the gourmand (around neck) {Gourm, !d}
   (You found it on level 6 of the Dungeon)
 l - a ring of positive energy (right hand) {rN+}
   (You found it on level 1 of the Dungeon)
 s - an uncursed ring of flight {+Fly, !d}
   (You found it on level 2 of the Dungeon)
Wands
 c - a wand of slowing (23/48)
   (You found it on level 10 of the Dungeon)
 m - a wand of polymorph (10/24)
   (You found it on level 5 of the Dungeon)
 r - a wand of polymorph (11/24)
   (You found it on level 8 of the Dungeon)
 M - a wand of confusion (8/48)
   (You found it on level 10 of the Dungeon)
Scrolls
 b - a scroll of identify
 j - a scroll of enchant armour
 w - 2 scrolls of enchant weapon
 x - 3 scrolls of teleportation
 y - 5 scrolls of remove curse
 H - a scroll of fog
Potions
 f - 2 potions of cure mutation {!q}
 h - a potion of cancellation
 i - a potion of ambrosia
 n - 5 potions of curing
 p - 2 potions of agility
 t - 2 potions of brilliance
 v - a potion of might
 z - 4 potions of flight
 B - a potion of lignification {!q}
 D - a potion of invisibility {unknown}
 I - a potion of magic
 N - a potion of heal wounds
Comestibles
 d - 10 bread rations {@e1}
 g - 4 meat rations {@e2}
 o - a royal jelly
 q - 4 fruits
 F - 9 chunks of flesh {@w0}
 K - 6 beef jerkies


   Skills:
 + Level 9.2 Fighting
 + Level 13.9 Polearms
 - Level 0.6 Armour
 + Level 11.8 Dodging
 - Level 1.3 Shields
 - Level 4.0 Spellcasting
 - Level 3.9 Hexes
 + Level 10.7 Charms
 - Level 3.9 Necromancy
 - Level 3.4 Translocations
 - Level 2.0 Invocations


You had 8 spell levels left.
You knew the following spells:

 Your Spells              Type           Power        Failure   Level  Hunger
a - Infusion              Chrm           ####         1%          1    None
r - Regeneration          Chrm/Necr      ###.......   8%          3    ###....
s - Shroud of Golubria    Chrm/Tloc      ###.......   3%          2    ##.....
z - Spectral Weapon       Hex/Chrm       ###.....     8%          3    ###....
S - Song of Slaying       Chrm           ####....     1%          2    ##.....


Dungeon Overview and Level Annotations

Branches:
Dungeon (10/15)            Temple (1/1) D:6             Orc (2/2) D:10
    Elf (0/3) Orc:2
   Lair: D:8-11

Altars:
Ashenzari
Cheibriados
Dithmenos
Elyvilon
Fedhas
Gozag
Kikubaaqudgha
Makhleb
Nemelex Xobeh
Okawaru
Pakellas
Qazlal
Ru
Sif Muna
Trog
Vehumet
Xom
Yredelemnul
Zin
The Shining One
Beogh

Shops:
Orc:1 (   Orc:2 ?**

Annotations:
D:3 Warped's ghost, amateur HuMo


Innate Abilities, Weirdness & Mutations

You revert to your normal form in water.
You are very nimble and swift while swimming.
You have an increased reservoir of magic (+10% MP).
You are weak. (Str -2)


Message History

You puncture the warg!
Your spectral weapon hits the warg but does no damage.
The warg closely misses your spectral weapon.
You hit the warg but do no damage.
The warg is poisoned.
Your spectral weapon hits the warg!
You kill the warg!
Okawaru accepts your kill.
The orc priest miscasts a cantrip.
Attack whom?
Aim: an orc priest, wielding a short sword You reach to attack!
You hit the orc priest.
The orc priest is poisoned.
Your spectral weapon hits the orc priest from afar.
You hit the orc priest.
The orc priest looks even sicker.
You kill the orc priest!
Okawaru accepts your kill.
No target in view!
Things that are here:
a hand axe; a leather armour; an orc corpse No target in view!
No target in view!
Some of the chunks of flesh in your inventory have rotted away.
An orc comes into view.
The orc shouts!
An orc comes into view. It is wielding a whip of draining.
An orc priest comes into view. It is wielding a mace.
The orc moves out of view.
An orc high priest comes into view. It is wielding a mace.
MP restored: 19 An orc warrior comes into view.
It is wielding a long sword.
Found Kogiklumao's Assorted Antiques.
Attack whom?
Aim: an orc You reach to attack!
The orc warrior shouts!
You puncture the orc!
You kill the orc!
Okawaru accepts your kill.
The orc high priest invokes the aid of Beogh against you.
Beogh smites you!
You hear a shout! x2
You take 13 damage, and have 82/95 hp.
You closely miss the orc.
Your spectral weapon hits the orc!
You kill the orc!
You closely miss the orc priest.
Your spectral weapon hits the orc priest from afar!
You kill the orc priest!
Okawaru accepts your kill.
The orc high priest prays to Beogh.
You puncture the chaos spawn!
The chaos spawn is poisoned.
Your spectral weapon hits the chaos spawn from afar.
You hit the chaos spawn.
Your spectral weapon hits the chaos spawn but does no damage.
The orc high priest mumbles some strange prayers to Beogh.
The chaos spawn hits you! The chaos spawn freezes you!
You take 16 damage, and have 67/95 hp.
You hit the chaos spawn but do no damage.
Your spectral weapon hits the chaos spawn from afar!
The sixfirhy hits you but does no damage.
An orc priest comes into view. It is wielding an enchanted flail.
You kill the chaos spawn!
The chaos spawn degenerates into a cloud of primal chaos!
The sixfirhy barely misses your spectral weapon. x2
The sixfirhy closely misses your spectral weapon.
The ynoxinul gestures.
The orc warrior hits your spectral weapon with a long sword!
Your spectral weapon shares its damage with you!
You take 3 damage, and have 65/95 hp.
Attack whom?
Aim: an orc high priest, wielding a mace You reach to attack!
You hit the orc high priest.
Your spectral weapon barely misses the orc high priest.
The sixfirhy barely misses your spectral weapon. x2
The orc warrior hits your spectral weapon with a long sword!
Your spectral weapon shares its damage with you!
You take 3 damage, and have 62/95 hp.
You start singing a song of slaying.
The sixfirhy hits your spectral weapon but does no damage.
The sixfirhy closely misses you. The sixfirhy hits you!
The sixfirhy shocks you!
The orc high priest mumbles some strange prayers to Beogh against you.
Beogh smites you! The ynoxinul hits your spectral weapon!
Your spectral weapon fades away.
The sixfirhy hits you!
* * * LOW HITPOINT WARNING * * *
The sixfirhy shocks you!
* * * LOW HITPOINT WARNING * * *
You take 42 damage, and have 20/95 hp.
MASSIVE DAMAGE!!
You now have 17/19 mp.
The sixfirhy barely misses you. The rust devil hits you.
* * * LOW HITPOINT WARNING * * *
The rust devil corrodes you!
An orc warrior comes into view. It is wielding a short sword.
You block the sixfirhy's attack. The sixfirhy hits you!
* * * LOW HITPOINT WARNING * * *
The sixfirhy shocks you!
* * * LOW HITPOINT WARNING * * *
The sixfirhy hits you!
You die...

......####.## ....#
....### ##.# 5o.# #...#
#### ##)..#
###'######..### ##5).#
.##.##.(.#..'.# #.53o#
.##.##...#.)#.###...##....
###.###'#####.##.4o.#.....
...[..#.......##o4.##.....
##)##.#....#####@..#.....#
#...#.#....#..##..##.....#
#[).#......'..#)..#......#
#####.####.#..#....)....#
......#).#.####........##
#.....#.)'.####.8...8...8.
#..⌠..#..#....'...........
#.....####.####.8...8...8.
#..........####........##.


You could see an orc high priest, a rust devil, a sixfirhy, a ynoxinul, 2 orc
warriors, an orc priest and 3 ufetubi.

Vanquished Creatures
  2 hill giants (D:10)
  4 orc knights (Orc:2)
  5 orc sorcerers (Orc:2)
  A centaur zombie (D:10)
  A gargoyle (D:10)
  7 trolls
  2 two-headed ogres
  2 wraiths
  A wyvern (D:9)
  2 humans (D:7)
  2 hungry ghosts
  Menkaure (D:5)
  A hippogriff (D:10)
  5 wargs
  2 water moccasins
  Duvessa (D:7)
  23 orc warriors
  A sky beast (D:5)
  2 black bears
  5 necrophages (D:9)
  16 ogres
  5 ice beasts
  A phantom (D:5)
  2 centaurs
  8 giant frogs
  A wyvern zombie (D:10)
  Dowan (D:7)
  3 scorpions
  A water moccasin skeleton (D:5)
  11 killer bees
  9 wights
  9 howler monkeys
  7 crimson imps
  3 giant frog zombies
  3 human zombies (D:9)
  3 jellies
  20 orc priests
  6 hounds
  14 orc wizards
  A centaur skeleton (D:8)
  3 giant frog skeletons
  3 iguanas
  6 worker ants
  4 mummies (D:9)
  2 worker ant zombies
  12 adders
  3 shadow imps
  An ooze (D:2)
  2 worms (D:5)
  6 giant geckos
  80 orcs
  5 bats
  10 giant cockroaches
  4 goblins
  11 hobgoblins
  14 jackals
  5 quokkas
  5 ball pythons
  A giant gecko skeleton (D:4)
  3 giant newts
  A jackal zombie (D:7)
  5 kobolds
  7 rats
387 creatures vanquished.

Vanquished Creatures (collateral kills)
  An orc warrior (Orc:1)
1 creature vanquished.

Vanquished Creatures (others)
  A quokka (D:7)
  7 spectral weapons
8 creatures vanquished.

Grand Total: 396 creatures vanquished

Notes
Turn   | Place    | Note
--------------------------------------------------------------
     0 | D:1      | tyvek the Merfolk Skald began the quest for the Orb.
     0 | D:1      | Reached XP level 1. HP: 16/16 MP: 3/3
   347 | D:1      | Reached XP level 2. HP: 23/23 MP: 5/5
   473 | D:1      | Reached skill level 2 in Dodging
   940 | D:2      | Reached skill level 4 in Polearms
   940 | D:2      | Reached XP level 3. HP: 28/28 MP: 6/6
  1513 | D:2      | Reached XP level 4. HP: 34/34 MP: 7/7
  1594 | D:3      | Reached skill level 5 in Polearms
  1658 | D:3      | Learned a level 3 spell: Regeneration
  1689 | D:3      | Reached skill level 3 in Dodging
  1847 | D:3      | Noticed Warped's ghost (amateur HuMo)
  1867 | D:3      | HP: 6/34 [Warped's ghost (7)]
  2245 | D:3      | Reached XP level 5. HP: 40/40 MP: 8/8
  2284 | D:3      | Found an ancient bone altar of Kikubaaqudgha.
  2286 | D:3      | Found a blossoming altar of Fedhas.
  2287 | D:3      | Found a burning altar of Makhleb.
  2737 | D:4      | Reached skill level 1 in Necromancy
  2963 | D:4      | Reached skill level 6 in Polearms
  2971 | D:4      | HP: 10/40 [poisoned by a worker ant]
  2976 | D:4      | HP: 9/40 [poisoned by a worker ant]
  2983 | D:4      | HP: 8/40 [poisoned by a worker ant]
  2991 | D:4      | HP: 7/40 [poisoned by a worker ant]
  3439 | D:4      | Reached XP level 6. HP: 34/46 MP: 5/9
  3669 | D:4      | Reached skill level 4 in Charms
  3690 | D:4      | Trevise: http://crawl.chaosforge.org/Lawman's_Skald_guide
  3701 | D:4      | Reached skill level 4 in Dodging
  4039 | D:5      | Entered Level 5 of the Dungeon
  4065 | D:5      | Reached skill level 3 in Fighting
  4069 | D:5      | Learned a level 2 spell: Song of Slaying
  4072 | D:5      | Learned a level 2 spell: Shroud of Golubria
  4153 | D:5      | Reached skill level 7 in Polearms
  4323 | D:5      | Reached XP level 7. HP: 44/52 MP: 10/10
  4400 | D:5      | HP: 11/52 [something (3)]
  4400 | D:5      | HP: 5/52 [something (6)]
  4851 | D:5      | Reached skill level 5 in Dodging
  4871 | D:5      | Reached skill level 4 in Fighting
  4871 | D:5      | Reached skill level 8 in Polearms
  4969 | D:5      | Noticed Menkaure
  4980 | D:5      | HP: 7/54 [Menkaure (7)]
  4982 | D:5      | Killed Menkaure
  4988 | D:5      | Reached XP level 8. HP: 9/60 MP: 0/11
  5410 | D:5      | Reached skill level 5 in Charms
  5766 | D:5      | Noticed a wraith
  5811 | D:5      | HP: 15/61 [wraith (9)]
  5815 | D:5      | HP: 5/61 [wraith (10)]
  5824 | D:5      | HP: 15/61 [wraith (9)]
  5825 | D:5      | Killed a wraith
  5825 | D:5      | Reached skill level 9 in Polearms
  5825 | D:5      | Reached skill level 6 in Dodging
  6300 | D:6      | Found a basalt altar of Yredelemnul.
  6404 | D:6      | HP: 12/61 [centaur/arrow (9)]
  6415 | D:6      | Reached skill level 5 in Fighting
  6815 | D:6      | Found a staircase to the Ecumenical Temple.
  6830 | D:6      | Reached skill level 10 in Polearms
  6981 | D:5      | Reached skill level 6 in Charms
  6981 | D:5      | Reached XP level 9. HP: 68/68 MP: 4/12
  7283 | D:5      | Reached skill level 7 in Dodging
  7577 | D:5      | Learned a level 3 spell: Spectral Weapon
  7800 | Temple   | Entered the Ecumenical Temple
  8329 | D:7      | Reached skill level 11 in Polearms
  8720 | D:7      | Reached skill level 6 in Fighting
  8728 | D:7      | Noticed Dowan
  8731 | D:7      | Noticed Duvessa
  8764 | D:7      | Killed Duvessa
  8808 | D:7      | Killed Dowan
  9111 | D:7      | Found an oddly glowing altar of Pakellas.
  9174 | D:7      | Found a white marble altar of Elyvilon.
  9227 | D:7      | Found an iron altar of Okawaru.
  9262 | D:7      | HP: 17/69 [human/long sword (8)]
  9268 | D:7      | HP: 13/69 [human/long sword (1)]
  9301 | D:7      | HP: 15/70 [human/long sword (4)]
  9304 | D:7      | Reached skill level 7 in Charms
  9672 | D:7      | Became a worshipper of Warmaster Okawaru
  9875 | D:7      | Reached skill level 12 in Polearms
  9941 | D:7      | Reached skill level 8 in Dodging
 10245 | D:8      | Reached XP level 10. HP: 74/77 MP: 2/13
 10266 | D:8      | Reached * piety under Okawaru
 10392 | D:8      | Reached skill level 7 in Fighting
 10463 | D:8      | Reached skill level 1 in Invocations
 11301 | D:9      | Reached skill level 2 in Invocations
 11368 | D:9      | Reached skill level 9 in Dodging
 11519 | D:9      | Reached ** piety under Okawaru
 11562 | D:9      | Reached skill level 1 in Hexes
 11607 | D:9      | Reached skill level 8 in Charms
 11635 | D:9      | Reached skill level 2 in Necromancy
 11641 | D:9      | Found a basalt altar of Yredelemnul.
 11798 | D:9      | Reached skill level 1 in Translocations
 11911 | D:9      | Reached skill level 10 in Dodging
 12182 | D:9      | Reached skill level 2 in Hexes
 12190 | D:9      | Reached skill level 2 in Translocations
 12304 | D:9      | Reached *** piety under Okawaru
 12471 | D:9      | Found a shadowy altar of Dithmenos.
 12664 | D:9      | Reached XP level 11. HP: 80/83 MP: 14/14
 12743 | D:10     | Entered Level 10 of the Dungeon
 12834 | D:10     | Found an opulent altar of Gozag.
 12866 | D:10     | Noticed a hill giant
 12897 | D:10     | Killed a hill giant
 12897 | D:10     | Reached skill level 3 in Necromancy
 12964 | D:10     | HP: 19/83 [gargoyle/stone arrow (7)]
 12970 | D:10     | Reached skill level 3 in Spellcasting
 12970 | D:10     | Reached skill level 9 in Charms
 13443 | D:10     | Noticed a hill giant
 13459 | D:10     | Killed a hill giant
 13459 | D:10     | Reached skill level 3 in Hexes
 13491 | D:10     | Reached **** piety under Okawaru
 13491 | D:10     | Reached skill level 3 in Translocations
 13668 | D:10     | Gained mutation: You have an increased reservoir of magic (+10% MP). [potion of beneficial mutation]
 13743 | D:10     | Found a staircase to the Orcish Mines.
 14086 | Orc:1    | Entered Level 1 of the Orcish Mines
 14401 | D:10     | HP: 20/83 [orc warrior/battleaxe (20)]
 14492 | D:10     | Reached skill level 4 in Spellcasting
 15681 | Orc:1    | HP: 20/83 [troll (1)]
 15681 | Orc:1    | HP: 7/83 [troll (13)]
 15690 | Orc:1    | HP: 20/84 [troll (11)]
 15702 | Orc:1    | HP: 20/84 [warg (5)]
 15707 | D:10     | HP: 4/84 [orc warrior/battleaxe (19)]
 15712 | D:10     | HP: 10/84 [orc warrior/battleaxe (7)]
 15720 | D:10     | HP: 8/84 [warg (7)]
 15726 | D:10     | HP: 4/84 [warg (4)]
 16138 | Orc:1    | Found a roughly hewn altar of Beogh.
 16144 | Orc:1    | Found Zoewuow's Antique Weapon Boutique.
 16155 | Orc:1    | Bought a glowing trident for 94 gold pieces
 16340 | Orc:2    | Entered Level 2 of the Orcish Mines
 16350 | Orc:2    | HP: 14/85 [orc warrior/dire flail (20)]
 16638 | Orc:2    | Reached skill level 1 in Shields
 16800 | Orc:2    | Reached ***** piety under Okawaru
 16969 | Orc:2    | Noticed an orc sorcerer
 16982 | Orc:2    | Killed an orc sorcerer
 16982 | Orc:2    | Received a gift from Okawaru
 16982 | Orc:2    | Reached skill level 8 in Fighting
 17345 | Orc:2    | Reached XP level 12. HP: 86/92 MP: 19/19
 17446 | Orc:2    | Reached skill level 13 in Polearms
 17446 | Orc:2    | Reached skill level 11 in Dodging
 17593 | Orc:2    | Reached skill level 10 in Charms
 17682 | Orc:2    | Found Qaofotz's General Store.
 17692 | Orc:2    | Found Hiecon's Magic Scroll Boutique.
 17724 | Orc:2    | Gained mutation: You are weak. (Str -2) [a neqoxec]
 17803 | Orc:2    | Found a roughly hewn altar of Beogh.
 18305 | Orc:2    | Found a staircase to the Elven Halls.
 18365 | Orc:2    | Noticed a sun demon
 18375 | Orc:2    | Reached skill level 9 in Fighting
 18559 | Orc:2    | Noticed an orc high priest
 18559 | Orc:2    | Found Kogiklumao's Assorted Antiques.
 18571 | Orc:2    | HP: 20/95 [sixfirhy[an orc high priest] (7)]
 18575 | Orc:2    | HP: 2/95 [sixfirhy[an orc high priest] (8)]
 18575 | Orc:2    | Mangled by a sixfirhy

Vault maps used:
D:1:      minmay_arrival_plants_in_alcoves
D:3:      grunt_temple_overflow_open
D:4:      serial_glass, glass_columns_a, glass_columns_b, first_bread,
          grunt_ministairs_4
D:5:      kennysheep_big_flooded_room, portal_sewer_entry_c, uniq_menkaure
D:6:      minmay_temple_entry_glass, basic_altar
D:7:      okawaru_humans, grunt_pakellas_basics, elyvilon_altar_4, uniq_duvessa
D:9:      kennysheep_ambush_hall, lemuel_mausoleum_altar_yredelemnul,
          grunt_dithmenos_shadows, grunt_ogre_cave, lemuel_another_geyser
D:10:     david_orc_3, grunt_gozag_statues
Temple:   triangle_lava_temple_12
Orc:1:    basic_altar, serial_shops, shop
Orc:2:    pubby_orc_utopia, uniq_snorg

Skill      XL: |  1  2  3  4  5  6  7  8  9 10 11 12 |
---------------+-------------------------------------+-----
Dodging        | 2 3 4 5 6 8 10 11 | 11.8
Polearms       | 4 5 6 7 8 10 12 13 | 13.9
Necromancy     | 1 2 3 |  3.9
Charms         | 4 6 7 8 9 10 | 10.7
Fighting       | 3 4 5 6 7 8 9 |  9.2
Invocations    | 2 |  2.0
Hexes          | 2 3 |  3.9
Translocations | 2 3 |  3.4
Spellcasting   | 4 |  4.0
Shields        | 1 |  1.3
Armour         | |  0.6

Action                   |  1- 3 |  4- 6 |  7- 9 | 10-12 || total
-------------------------+-------+-------+-------+-------++-------
Melee: Spear             |   134 |   272 |   709 |  1091 ||  2206
       Trident           |       |       |       |   353 ||   353
       Tailslap          |       |       |       |     2 ||     2
 Cast: Infusion          |       |    12 |    28 |     2 ||    42
       Song of Slaying   |       |       |     9 |    32 ||    41
       Shroud of Golubri |       |       |    16 |    30 ||    46
       Spectral Weapon   |       |       |     6 |    40 ||    46
       Regeneration      |       |       |     4 |    40 ||    44
  Use: Scroll            |     7 |     1 |    12 |    10 ||    30
       Potion            |       |       |     3 |     4 ||     7
 Stab: Sleeping          |     2 |     1 |       |     4 ||     7
       Distracted        |       |       |       |     9 ||     9
  Eat: Meat ration       |     1 |     1 |       |       ||     2
       Chunk             |       |     3 |    30 |    51 ||    84
       Bread ration      |       |       |     1 |       ||     1
Armor: Leather armour    |    21 |    81 |   125 |   164 ||   391
       Troll leather arm |       |       |       |    61 ||    61
Dodge: Dodged            |    48 |   145 |   344 |   760 ||  1297
Block: Buckler           |       |       |       |    53 ||    53

Vault maps used:
D:1:      minmay_arrival_plants_in_alcoves
D:3:      grunt_temple_overflow_open
D:4:      serial_glass, glass_columns_a, glass_columns_b, first_bread,
          grunt_ministairs_4
D:5:      kennysheep_big_flooded_room, portal_sewer_entry_c, uniq_menkaure
D:6:      minmay_temple_entry_glass, basic_altar
D:7:      okawaru_humans, grunt_pakellas_basics, elyvilon_altar_4, uniq_duvessa
D:9:      kennysheep_ambush_hall, lemuel_mausoleum_altar_yredelemnul,
          grunt_dithmenos_shadows, grunt_ogre_cave, lemuel_another_geyser
D:10:     david_orc_3, grunt_gozag_statues
Temple:   triangle_lava_temple_12
Orc:1:    basic_altar, serial_shops, shop
Orc:2:    pubby_orc_utopia, uniq_snorg

Table legend:
 A = Turns spent in this place as a percentage of turns spent in the entire game.
 B = Non-inter-level travel turns spent in this place as a percentage of non-inter-level travel turns spent in the entire game.
 C = Inter-level travel turns spent in this place as a percentage of turns spent in this place.
 D = Turns resting spent in this place as a percentage of non-inter-level travel turns spent in this place.
 E = Turns spent auto-exploring this place as a percentage of non-inter-level travel turns spent in this place.
 F = Non-inter-level travel turns spent in this place divided by the number of levels of this place that you've seen.
                   A       B       C       D       E      F
               +-------+-------+-------+-------+-------+----------------------
         Total | 100.0 | 100.0 |   0.3 |   4.0 |   7.1 | 436.2
       Dungeon |  76.6 |  76.6 |   0.3 |   3.8 |   7.5 | 434.3
        Temple |   0.3 |   0.3 |   5.6 |   0.0 |  88.2 |  17.0
  Orcish Mines |  23.1 |  23.1 |   0.2 |   4.9 |   4.8 | 655.0
               +-------+-------+-------+-------+-------+----------------------

Table legend:
 A = Kills in this place as a percentage of kills in entire the game.
 B = Kills by you in this place as a percentage of kills by you in the entire game.
 C = Kills by friends in this place as a percentage of kills by friends in the entire game.
 D = Other kills in this place as a percentage of other kills in the entire game.
 E = Experience gained in this place as a percentage of experience gained in the entire game.
 F = Experience gained in this place divided by the number of levels of this place that you have seen.
                   A       B       C       D       E      F
               +-------+-------+-------+-------+-------+----------------------
         Total | 100.0 | 100.0 | 100.0 |  -nan | 100.0 | 2046.9
       Dungeon |  68.0 |  68.2 |   0.0 |  -nan |  52.2 | 1388.1
  Orcish Mines |  32.0 |  31.8 | 100.0 |  -nan |  47.8 | 6364.5
               +-------+-------+-------+-------+-------+----------------------
